Map: Undercurrent LE

Players

BADROBOT

  • Race: Zerg Zerg
  • Spawn Location: 3:00

Millifrill

  • Race: Zerg Zerg
  • League: Gold
  • Spawn Location: 1:00

LeTank

  • Race: Zerg Zerg
  • Spawn Location: 7:00

VodkaWraith

  • Race: Terran Terran
  • Spawn Location: 7:00

VOD

Have the link to the VOD?

Description

Time

  • Played on: Aug. 22, 2025, 3:10 a.m.
  • Length: 18:39
Show
View Real Time Build Order
Export as new Build Order

BADROBOT Zerg 

Build Orders: Pool First 

Get SALT Encoding   

  12  0:01  Drone  
  13  0:08  Drone  
  14  0:30  Spawning Pool  
  14  0:31  Drone  
  14  0:39  Overlord  
  14  0:59  Drone x3  
  17  1:13  Extractor  
  17  1:14  Extractor  
  16  1:25  Drone x2  
  16  1:32  Hatchery  
  16  1:44  Queen  
  16  1:46  Drone  
  19  1:50  Drone  
  20  1:55  Zergling x2  
  21  2:08  Drone  
  22  2:10  Metabolic Boost  
  22  2:18  Overlord  
  22  2:39  Zergling x4  
  24  2:45  Drone, Queen  
  24  2:49  Drone  
  28  2:55  Drone  
  29  3:01  Drone  
  30  3:09  Drone, Lair  
  31  3:14  Drone  
  31  3:18  Drone  
  33  3:22  Spine Crawler  
  32  3:28  Zergling x2  
  32  3:33  Drone, Zergling x2  
  32  3:34  Zergling x2  
  36  3:50  Overlord  
  36  4:05  Hatchery  
  35  4:12  Drone, Overlord  
  35  4:13  Zergling x2  
  35  4:14  Drone  
  35  4:15  Drone x2  
  35  4:16  Drone  
  41  4:24  Drone  
  41  4:25  Drone x2  
  44  4:35  Hydralisk Den  
  40  4:53  Extractor  
  40  4:54  Extractor  
  40  4:56  Overlord  
  40  4:57  Zergling x8  
  42  5:02  Drone x3  
  42  5:03  Drone x3  
  42  5:06  Overseer  
  48  5:19  Drone, Queen  
  51  5:23  Burrow  
  51  5:26  Muscular Augments  
  51  5:28  Lurker Den  
  51  5:29  Drone  
  51  5:40  Drone  
  51  5:41  Drone x4  
  52  5:48  Spore Crawler x2  
  52  5:49  Spore Crawler  
  47  5:56  Spore Crawler  
  41  6:08  Drone  
  41  6:09  Drone x2  
  36  6:18  Drone  
  36  6:19  Drone x5  
  36  6:23  Drone  
  36  6:24  Drone  
  43  6:30  Grooved Spines  
  43  6:41  Spore Crawler  
  43  6:42  Drone x3  
  43  6:43  Spore Crawler  
  44  6:48  Hydralisk  
  44  6:49  Hydralisk  
  48  6:55  Drone x2  
  50  7:08  Hydralisk x3  
  56  7:18  Infestation Pit  
  55  7:27  Drone x2  
  53  7:41  Hydralisk x3  
  55  7:45  Hydralisk  
  55  7:46  Hydralisk x4  
  64  7:54  Drone, Overlord  
  64  7:58  Overlord  
  65  8:01  Neural Parasite  
  64  8:11  Drone, Overlord  
  59  8:14  Drone  
  59  8:23  Drone x2  
  59  8:25  Drone  
  59  8:26  Drone x2  
  64  8:29  Extractor x2  
  64  8:34  Queen  
  62  8:35  Hydralisk x2  
  62  8:38  Hydralisk  
  70  8:52  Infestor x3  
  76  9:05  Drone x3  
  79  9:21  Drone, Overlord  
  79  9:22  Drone x2  
  82  9:37  Infestor  
  82  9:38  Infestor  
  86  9:42  Drone  
  86  9:43  Drone  
  86  9:44  Drone x2  
  90  9:51  Hydralisk  
  90  9:52  Hydralisk x3  
  96  9:59  Extractor, Spine Crawler  
  96  10:00  Extractor, Overlord  
  96  10:01  Spore Crawler  
  96  10:02  Drone x3, Spore Crawler  
  96  10:03  Overlord x2  
  84  10:43  Drone x3  
  84  10:44  Hydralisk x3  
  84  10:45  Hydralisk x2  
  97  10:53  Infestor x3  
  103  11:01  Drone  
  103  11:02  Spore Crawler  
  103  11:03  Drone, Spore Crawler x2  
  102  11:04  Drone x5  
  107  11:18  Spore Crawler  
  106  11:22  Spore Crawler  
  105  11:44  Drone x3  
  108  11:55  Drone x4  
  108  11:59  Spine Crawler  
  111  12:01  Spore Crawler  
  111  12:02  Hydralisk  
  111  12:03  Hydralisk  
  114  12:09  Overlord x3  
  114  12:10  Overlord  
  114  12:11  Overseer  
  114  12:22  Spore Crawler x2  
  112  12:23  Spore Crawler  
  111  12:30  Spore Crawler, Queen  
  111  12:32  Drone x3, Spore Crawler x2  
  111  12:36  Hydralisk x6  
  115  12:40  Overseer  
  124  13:04  Drone x3, Spore Crawler  
  126  13:05  Spore Crawler  
  126  13:06  Spore Crawler  
  122  13:36  Spine Crawler  
  122  13:38  Spine Crawler  
  122  13:39  Spore Crawler  
  119  13:44  Drone x2, Spore Crawler  
  119  13:45  Drone  
  121  13:51  Hydralisk  
  121  13:52  Hydralisk x5  
  121  13:54  Hydralisk x6  
  145  13:57  Overlord x2  
  145  14:02  Spore Crawler  
  144  14:07  Spore Crawler  
  144  14:09  Drone  
  88  14:36  Hydralisk  
  88  14:37  Hydralisk x3  
  88  14:38  Hydralisk x5  
  86  14:56  Hydralisk  
  86  14:59  Hydralisk x3  
  86  15:02  Hydralisk  
  86  15:03  Hydralisk x5  
  98  15:15  Overseer x2  
  98  15:22  Hatchery  
  98  15:23  Hydralisk x2  
  98  15:24  Hydralisk x2  
  98  15:25  Hydralisk  
  107  15:36  Hydralisk x3  
  107  15:38  Infestor  
  107  15:39  Infestor x2  
  119  15:45  Drone x2, Hydralisk x2  
  119  15:46  Hydralisk  
  127  15:59  Infestor  
  127  16:00  Infestor x2  
  133  16:07  Spore Crawler  
  132  16:25  Drone x3  
  135  16:35  Infestor  
  135  16:36  Infestor x2  
  141  16:51  Drone x3  
  141  16:52  Spine Crawler  
  141  16:53  Spore Crawler  
  63  17:37  Hydralisk  
  63  17:38  Hydralisk x5  
  75  17:48  Hydralisk x9  
  93  17:55  Lurker Den  
  92  18:07  Lurker  
  92  18:08  Lurker x5  
Show
View Real Time Build Order
Export as new Build Order

Millifrill Zerg 

Build Orders: Hatch First 

Get SALT Encoding   

  12  0:01  Drone  
  13  0:13  Drone  
  14  0:18  Extractor  
  13  0:22  Drone  
  15  0:40  Hatchery  
  14  0:45  Extractor  
  14  0:46  Drone  
  15  1:05  Spawning Pool  
  15  1:06  Extractor  
  15  1:07  Drone  
  15  1:10  Overlord  
  15  1:23  Extractor  
  14  1:29  Drone x3  
  17  1:49  Drone  
  17  1:54  Drone  
  19  1:57  Queen  
  19  1:58  Queen  
  19  2:00  Drone  
  24  2:08  Drone  
  25  2:09  Drone  
  26  2:20  Drone x2  
  28  2:26  Roach Warren  
  28  2:28  Drone  
  28  2:33  Extractor  
  27  2:37  Drone  
  27  2:41  Overlord  
  28  2:47  Overlord  
  28  2:54  Metabolic Boost  
  28  3:02  Drone x4  
  32  3:09  Zergling x6  
  35  3:14  Roach  
  35  3:18  Roach  
  39  3:24  Drone  
  39  3:25  Drone  
  39  3:26  Drone  
  42  3:31  Overlord  
  42  3:41  Roach  
  44  3:43  Overlord  
  44  3:44  Overlord  
  44  3:57  Hatchery  
  43  4:03  Drone x3  
  46  4:17  Roach x5  
  56  4:27  Drone x4  
  60  4:34  Lair  
  60  4:54  Drone x3  
  63  5:05  Extractor  
  62  5:07  Extractor  
  62  5:08  Drone x7  
  68  5:16  Drone x4  
  68  5:17  Evolution Chamber  
  68  5:19  Evolution Chamber  
  70  5:24  Drone  
  70  5:25  Drone  
  72  5:30  Drone x2  
  74  5:43  Hatchery  
  74  5:46  Zerg Melee Weapons Level 1  
  74  5:47  Zerg Missile Weapons Level 1  
  73  5:53  Queen  
  73  5:54  Spore Crawler  
  73  5:55  Queen  
  73  5:56  Hydralisk Den  
  73  6:08  Spore Crawler, Queen  
  74  6:12  Spore Crawler  
  74  6:15  Spore Crawler  
  72  6:23  Glial Reconstitution  
  72  6:26  Roach  
  72  6:27  Overlord x3  
  74  6:40  Grooved Spines  
  74  6:42  Spore Crawler  
  74  6:45  Queen x2  
  78  6:54  Hydralisk x6, Spore Crawler  
  75  6:55  Spore Crawler  
  76  7:17  Spore Crawler  
  67  7:32  Spore Crawler  
  67  7:33  Spore Crawler  
  67  7:35  Hydralisk x8  
  81  7:52  Spore Crawler  
  78  8:12  Overlord  
  78  8:13  Overlord x3  
  78  8:26  Spore Crawler  
  61  8:28  Hydralisk x3  
  61  8:31  Spore Crawler  
  66  8:38  Drone  
  66  8:39  Drone x3  
  70  8:43  Drone  
  71  8:49  Muscular Augments  
  71  9:09  Hydralisk x2  
  75  9:18  Spore Crawler  
  75  9:23  Zerg Melee Weapons Level 2  
  74  9:26  Spore Crawler  
  74  9:31  Overseer  
  73  9:37  Drone x3  
  76  9:39  Drone x2  
  76  9:40  Drone  
  79  9:46  Drone x3  
  82  9:53  Drone, Spore Crawler  
  82  10:00  Drone, Spore Crawler  
  82  10:04  Drone  
  82  10:06  Spore Crawler  
  82  10:10  Drone x2  
  82  10:11  Drone  
  82  10:13  Drone  
  86  10:52  Drone  
  86  10:53  Drone x4  
  86  10:54  Drone x2  
  86  10:55  Drone x2  
  86  10:56  Drone  
  96  11:04  Zerg Missile Weapons Level 2  
  96  11:09  Infestation Pit  
  95  11:12  Drone x2, Spire  
  95  11:15  Drone x2  
  95  11:16  Extractor  
  95  11:17  Overlord x3  
  97  11:35  Spore Crawler  
  96  11:41  Queen  
  98  11:51  Hydralisk x10  
  118  11:55  Drone x2  
  120  12:03  Hydralisk  
  120  12:05  Overlord  
  120  12:06  Overlord x2  
  114  12:31  Hydralisk x9  
  126  13:04  Hydralisk  
  126  13:05  Hydralisk x9  
  144  13:09  Hive  
  145  13:40  Overlord  
  145  13:41  Overlord x5  
  145  13:46  Extractor  
  144  13:57  Zergling x2  
  145  14:14  Hatchery  
  140  14:28  Zergling x26  
  140  14:29  Zergling x2  
  141  14:35  Queen x2  
  85  14:46  Zergling x12  
  85  14:51  Zergling x2  
  78  14:57  Mutalisk  
  69  15:06  Hydralisk x2  
  66  15:10  Queen  
  66  15:11  Queen  
  67  15:17  Hydralisk x4  
  66  15:43  Drone x9  
  66  15:46  Queen x2  
  79  15:58  Hatchery, Zerg Melee Weapons Level 3  
  79  15:59  Zerg Missile Weapons Level 3  
  78  16:11  Hydralisk x5  
  88  16:20  Overseer  
  88  16:31  Drone x5  
  93  16:41  Extractor  
  93  16:42  Hydralisk  
  93  16:43  Extractor  
  93  16:47  Hydralisk  
  93  16:49  Hatchery  
  94  16:57  Mutalisk x3  
  60  17:23  Hydralisk  
  60  17:24  Hydralisk x6  
  74  17:32  Hydralisk x2  
  74  17:33  Hydralisk  
  80  17:41  Drone  
  80  17:42  Drone x4  
  81  17:45  Hydralisk  
  57  18:07  Zergling x18  
  62  18:12  Zergling x2  
Show
View Real Time Build Order
Export as new Build Order

LeTank Zerg 

Build Orders: Hatch First 

Get SALT Encoding   

  12  0:00  Drone  
  13  0:36  Drone  
  13  0:39  Extractor x2  
  13  0:41  Drone x2  
  14  0:45  Extractor  
  14  0:47  Drone  
  17  1:24  Overlord x2  
  17  1:25  Extractor x2, Overlord  
  16  1:27  Hatchery  
  14  1:42  Drone  
  15  1:53  Drone  
  16  2:01  Drone  
  16  2:06  Hatchery  
  16  2:13  Hatchery  
  15  2:19  Drone  
  16  2:24  Drone  
  17  2:46  Spawning Pool  
  17  2:48  Drone  
  17  2:52  Drone  
  17  2:55  Drone  
  19  2:59  Drone  
  19  3:03  Drone  
  21  3:06  Drone  
  21  3:09  Drone  
  23  3:15  Drone  
  23  3:16  Drone  
  25  3:33  Lair  
  25  3:35  Drone x3  
  25  3:37  Drone  
  25  3:39  Drone  
  30  3:44  Drone  
  30  3:45  Drone  
  32  3:56  Drone x4  
  32  3:58  Drone  
  32  4:00  Drone  
  38  4:06  Drone x2  
  38  4:07  Drone  
  38  4:09  Drone  
  42  4:11  Drone  
  42  4:14  Drone  
  44  4:17  Extractor x2, Drone  
  44  4:20  Drone  
  44  4:22  Drone  
  45  4:34  Spire  
  45  4:37  Queen  
  46  4:57  Overlord x2  
  46  4:58  Overlord  
  46  5:01  Queen  
  46  5:02  Queen x2  
  46  5:06  Overlord  
  52  5:22  Overseer  
  52  5:24  Pneumatized Carapace  
  52  5:52  Mutalisk x9  
  70  5:57  Overlord x2  
  70  6:03  Queen x2  
  74  6:05  Zerg Flyer Weapons Level 1  
  74  6:06  Mutalisk  
  76  6:12  Overlord  
  76  6:17  Mutalisk  
  78  6:23  Mutalisk  
  80  6:37  Mutalisk  
  80  6:53  Mutalisk  
  80  6:54  Mutalisk  
  84  7:04  Mutalisk  
  84  7:05  Overlord x2  
  84  7:06  Queen x3  
  84  7:07  Queen  
  94  7:09  Mutalisk  
  96  7:18  Mutalisk  
  92  7:49  Mutalisk x3  
  86  8:02  Mutalisk  
  86  8:04  Queen  
  86  8:05  Queen x2  
  94  8:18  Queen  
  96  8:32  Drone  
  96  8:33  Drone x5  
  102  8:40  Drone x8, Queen  
  102  8:41  Drone x4  
  116  8:43  Zerg Flyer Weapons Level 2  
  116  8:52  Extractor  
  116  8:53  Hatchery, Metabolic Boost, Infestation Pit  
  116  8:55  Extractor  
  112  9:00  Drone  
  112  9:01  Drone x6  
  117  9:13  Drone  
  117  9:14  Drone x6  
  117  9:15  Drone  
  125  9:58  Overlord x6  
  125  10:19  Hive  
  125  10:20  Burrow  
  115  10:39  Mutalisk x11  
  135  10:52  Spine Crawler x2  
  135  10:53  Spore Crawler  
  135  10:55  Drone x4  
  136  11:00  Neural Parasite  
  136  11:03  Extractor  
  135  11:05  Hatchery  
  135  11:06  Hydralisk Den  
  135  11:07  Roach Warren  
  135  11:08  Extractor  
  131  11:37  Greater Spire, Ultralisk Cavern  
  130  11:40  Adrenal Glands  
  130  11:46  Spire  
  129  11:51  Zergling x48  
  129  11:52  Zergling x2  
  154  12:07  Zergling x16  
  162  12:13  Zergling x2  
  162  12:14  Zergling x14  
  170  12:26  Zergling x22  
  179  12:44  Mutalisk x5  
  181  12:54  Zergling x18  
  186  13:03  Drone x4  
  188  13:07  Overlord x4  
  187  13:13  Muscular Augments  
  187  13:14  Chitinous Plating, Evolution Chamber  
  187  13:17  Evolution Chamber  
  157  13:35  Hydralisk x12  
  181  13:42  Baneling Nest  
  181  13:44  Zerg Flyer Weapons Level 3  
  180  13:52  Zergling x2  
  180  13:53  Zergling x12  
  180  13:54  Zergling x2  
  188  14:15  Zergling x24  
  199  14:17  Grooved Spines  
  179  14:30  Ultralisk x2  
  179  14:31  Ultralisk  
  177  14:33  Anabolic Synthesis  
  157  14:47  Zergling x4  
  157  14:48  Zergling x4  
  146  15:01  Zergling x4  
  146  15:02  Zergling x38  
  167  15:07  Zergling x4  
  169  15:19  Corruptor x3  
  175  15:25  Baneling x5  
  175  15:26  Baneling x2  
  175  15:32  Zerg Melee Weapons Level 1  
  175  15:34  Zerg Missile Weapons Level 1  
  175  15:39  Zerg Flyer Armor Level 1  
  175  15:55  Drone x3  
  178  16:06  Ultralisk  
  178  16:07  Ultralisk x2  
  178  16:10  Centrifugal Hooks  
  178  16:11  Hatchery, Unknown  
  195  16:27  Zergling x8  
  195  16:28  Baneling  
  195  16:29  Baneling x8  
  195  16:30  Baneling x4  
  199  16:40  Overseer x4  
  199  16:41  Spore Crawler  
  199  16:42  Spore Crawler  
  199  16:46  Overlord  
  199  16:47  Overlord x2  
  197  16:49  Baneling x2  
  197  16:50  Baneling x8  
  197  16:51  Baneling x5  
  197  16:58  Baneling x3  
  197  16:59  Baneling x2  
  197  17:17  Zergling x6  
  150  17:30  Extractor  
  150  17:32  Hatchery  
  150  17:33  Extractor  
  150  17:34  Zergling x24  
  149  17:44  Zergling x34  
  150  17:45  Zergling x2  
  162  18:02  Zergling x2  
  162  18:03  Zergling x24  
  162  18:04  Zergling x2  
  176  18:09  Zergling x2  
  176  18:10  Zergling x6  
Show
View Real Time Build Order
Export as new Build Order

VodkaWraith Terran 

Build Orders:  

Get SALT Encoding   

  12  0:01  SCV  
  13  0:17  Supply Depot  
  13  0:18  SCV  
  14  0:29  Refinery  
  14  0:32  SCV  
  15  0:43  Barracks  
  15  0:46  SCV  
  16  1:09  Refinery  
  16  1:19  SCV  
  17  1:33  Barracks Tech Lab  
  17  1:43  Orbital Command  
  17  1:47  Factory  
  17  1:52  Marine  
  18  2:14  SCV  
  19  2:28  SCV  
  19  2:29  Supply Depot  
  20  2:43  Siege Tank  
  23  2:50  SCV  
  24  2:51  Barracks Reactor  
  24  2:55  Starport  
  24  3:02  SCV  
  25  3:06  Supply Depot  
  25  3:24  SCV  
  26  3:37  Marine x2, Fusion Core  
  26  3:39  Starport Tech Lab  
  28  3:42  Supply Depot  
  28  3:43  SCV  
  29  4:00  SCV, Command Center  
  30  4:25  Battlecruiser  
  30  4:31  Engineering Bay  
  36  4:33  SCV  
  37  4:45  SCV  
  38  5:03  SCV  
  39  5:15  SCV  
  40  5:28  SCV  
  41  5:34  Battlecruiser  
  47  5:40  SCV  
  48  5:42  Planetary Fortress  
  48  5:46  Refinery  
  48  5:48  Refinery  
  48  6:44  Siege Tank  
  51  7:24  SCV  
  52  7:36  SCV  
  53  7:48  SCV  
  54  7:54  Armory  
  54  7:56  Armory  
  54  8:00  SCV  
  54  8:01  Factory  
  54  8:04  Siege Tank  
  55  8:41  Hi-Sec Auto Tracking  
  55  8:46  Terran Ship Weapons Level 1  
  55  8:47  Terran Vehicle And Ship Armor Level 1  
  55  8:48  Factory Tech Lab  
  55  9:02  Battlecruiser  
  61  9:06  Siege Tank  
  61  9:07  Command Center  
  61  9:08  Siege Tank  
  61  9:09  SCV  
  68  9:17  Supply Depot  
  68  9:21  SCV  
  69  9:38  Neosteel Armor  
  69  9:41  Supply Depot  
  70  9:45  SCV x2  
  71  9:57  SCV, Missile Turret  
  71  9:58  Siege Tank x2  
  78  10:03  Supply Depot  
  78  10:05  Starport  
  78  10:06  Starport  
  66  10:44  Siege Tank x2  
  66  10:47  Starport Tech Lab x2  
  72  10:54  Orbital Command  
  72  10:59  Refinery  
  72  11:00  Terran Vehicle And Ship Armor Level 2, Terran Ship Weapons Level 2  
  72  11:07  Banshee, Supply Depot  
  72  11:08  Banshee  
  72  11:09  Cloaking Field  
  78  11:13  Banshee  
  81  11:29  Refinery  
  81  11:30  Supply Depot  
  81  11:33  SCV  
  81  11:34  SCV x2  
  84  11:41  Terran Infantry Armor Level 1  
  84  11:46  SCV  
  85  11:48  Cyclone  
  85  11:50  Banshee  
  85  11:51  Banshee  
  85  11:52  Supply Depot  
  85  11:53  SCV  
  85  11:54  SCV  
  96  11:58  SCV  
  97  12:05  SCV  
  97  12:11  SCV x2  
  99  12:18  SCV  
  100  12:52  Siege Tank x2  
  100  12:54  Banshee x3  
  115  13:01  SCV  
  115  13:02  SCV x2  
  118  13:07  Starport  
  118  13:08  Starport  
  118  13:14  SCV  
  119  13:23  Missile Turret  
  119  13:36  Banshee  
  119  13:37  Banshee  
  125  13:48  Starport Tech Lab  
  125  13:52  Starport Tech Lab  
  125  14:02  Battlecruiser  
  131  14:24  Battlecruiser  
  113  14:45  Battlecruiser x2  
  107  14:46  Battlecruiser  
  101  15:32  Battlecruiser x2  
  113  15:49  Battlecruiser  
  119  15:52  SCV x3  
  119  15:55  Battlecruiser  
  119  15:56  Command Center  
  128  15:57  Missile Turret  
  128  15:59  Missile Turret  
  128  16:18  SCV  
  128  16:19  SCV x2  
  128  16:22  Missile Turret  
  128  16:25  Missile Turret  
  131  16:31  SCV x2  
  129  17:18  Banshee  
  129  17:19  Banshee x4  
  131  17:39  Siege Tank x2  
  131  17:42  Orbital Command  
  137  18:04  Viking x2  
  147  18:13  Refinery  
  147  18:19  Refinery  
Tags
 
Add a new tag
Caveats
  • Supply blocks, unpowered buildings, or Contaminate may cause inaccurate times.
  • Supply counts are checked every 10 seconds.